 Dungeon Crawl Stone Soup version 0.28.0-53-g5a82cb258f (webtiles) character file.

Game seed: 14082369869117555819

399 issech the Chopper (level 6, -1/55 HPs)
             Began as a Minotaur Monk on May 28, 2022.
             Slain by Duvessa
             ... wielding a +3 rapier of speed
              (5 damage)
             ... on level 4 of the Dungeon.
             The game lasted 00:12:16 (3446 turns).

issech the Chopper (Minotaur Monk)                  Turns: 3446, Time: 00:12:17

Health: -1/55      AC: 11    Str: 16    XL:     6   Next: 53%
Magic:  5/5        EV:  8    Int:  7    God:
Gold:   88         SH:  0    Dex: 14    Spells: 5/5 levels left

rFire   . . .      SeeInvis +   a - +8 mace "Beastbane" {pain, rElec SInv Stlth+}
rCold   . . .      Faith    .   (no shield)
rNeg    . . .      Spirit   .   c - +0 chain mail
rPois   .          Reflect  .   (helmet restricted)
rElec   +          Harm     .   C - +0 cloak
rCorr   .          Rampage  .   Z - +0 pair of gloves
Will    .....                   (no boots)
Stlth   ..........              (no amulet)
HPRegen 0.18/turn               (no ring)
MPRegen 0.09/turn               (no ring)

@: no status effects
A: horns 2, retaliatory headbutt
a: no special abilities


You were on level 4 of the Dungeon.
You visited 1 branch of the dungeon, and saw 4 of its levels.
You also visited: Sewer.

You collected 88 gold pieces.

Inventory:

Hand Weapons
 a - the +8 mace "Beastbane" (weapon) {pain, rElec SInv Stlth+}
   (You found it on level 3 of the Dungeon)

   In the hands of one skilled in necromantic magic, it inflicts extra damage on
   living creatures.
   rElec:     It insulates you from electricity.
   SInv:      It lets you see invisible.
   Stlth:     It makes you more stealthy.
 m - a +2 mace of draining
 G - the +6 rapier of Elaitzad {flame, Int+4}
   (You found it on level 3 of the Dungeon)

   It burns those it strikes, dealing additional fire damage.
   Int:       It affects your intelligence (+4).
 O - a +1 dagger of electrocution
 P - a +0 hand crossbow
 Q - a +0 short sword of draining
 U - a +1 long sword of pain
Missiles
 f - 66 arrows
 j - 6 boomerangs (quivered)
 y - 85 stones
 M - 9 poisoned darts
 N - 21 bolts
Armour
 c - a +0 chain mail (worn)
 C - a +0 cloak (worn)
 Z - a +0 pair of gloves (worn)
Wands
 H - a wand of flame (26)
Scrolls
 g - 2 scrolls of fear {unknown}
 h - a scroll of noise {unknown}
 E - a scroll of enchant weapon {unknown}
 L - 4 scrolls of teleportation {unknown}
 R - 2 scrolls of identify {unknown}
Potions
 b - a potion of resistance {unknown}
 d - 2 potions of cancellation {unknown}
 e - a potion of attraction {unknown}
 n - 4 potions of heal wounds {unknown}
 z - 2 potions of curing {unknown}
 F - a potion of mutation {unknown}
 K - 2 potions of might {unknown}
 T - a potion of haste {unknown}
 V - a potion of invisibility {unknown}


   Skills:
 + Level 4.8 Fighting
 + Level 3.1 Short Blades
 + Level 5.0 Axes
 + Level 0.8(3.2) Maces & Flails
 + Level 1.0 Throwing
 + Level 3.9 Armour
 + Level 3.9 Dodging
 + Level 1.8 Stealth


You had 5 spell levels left.
You didn't know any spells.
Your spell library contained the following spells:

 Spells                   Type           Power      Damage    Failure   Level
 Confusing Touch          Hex            0%         N/A       100%        3
 Yara's Violent Unravell  Hex/Tmut       0%         3d3       100%        5
 Enfeeble                 Hex            0%         N/A       100%        7


Dungeon Overview and Level Annotations

Branches:
Dungeon (4/15)              Sewer (visited)
 Temple: D:4-7

Altars:
Ashenzari
Dithmenos

Shops:
D:2 [   D:3 (

Annotations:
D:4 Dowan, Duvessa


Innate Abilities, Weirdness & Mutations

You have a pair of horns on your head.
You reflexively headbutt those who attack you in melee.


Message History

You now have 88 gold pieces (gained 16).
There is a shadowy altar of Dithmenos here.
You see here a +0 scale mail.
e - a puce potion
Found a scroll labelled JUQOFA EME QORPH.
L - 4 scrolls labelled JUQOFA EME QORPH (gained 1) Duvessa shouts!
You see here a scroll labelled OCKEUFRUPLA.
Okay, then.
R - 2 scrolls labelled OCKEUFRUPLA (gained 1) Duvessa says, "Where magic fails, the sword succeeds!"
Items here: ))) [[[[[[[ †††.
There is a stone staircase leading up here.
You throw a boomerang. The boomerang barely misses Duvessa.
Duvessa hits you with a +3 rapier of speed.
You completely miss Duvessa. You headbutt Duvessa.
Duvessa is lightly wounded.
Duvessa hits you with a +3 rapier of speed.
Duvessa hits you with a +3 rapier of speed!
Dowan shouts!
You hit Duvessa but do no damage.
Duvessa is lightly wounded.
Duvessa hits you with a +3 rapier of speed.
Duvessa barely misses you.
You hit Duvessa.
Duvessa is moderately wounded.
Duvessa hits you with a +3 rapier of speed!
You sock Duvessa! You headbutt Duvessa.
Duvessa is heavily wounded.
Duvessa hits you with a +3 rapier of speed!
* * * LOW HITPOINT WARNING * * *
Duvessa hits you with a +3 rapier of speed.
* * * LOW HITPOINT WARNING * * *
Dowan points at Duvessa and mumbles some strange words.
Duvessa seems to speed up.
Duvessa hits you with a +3 rapier of speed.
* * * LOW HITPOINT WARNING * * *
Duvessa says, "When magic and the sword combine, nothing stands against them."
Duvessa hits you with a +3 rapier of speed.
You die...

...........#.......#.......#....
..##.......#.......#.......#....
# ##......##.....##.......#....
#..>....####.####....#.......
#....................##......
##.............#.....##......
#...#....#........|[........
#.......###....e..<##...>...
#....##.##.@e.....##........
####..#.....#..#...##.......
###...........#..#..........##
#.....##...####..#..#......)#.
#............##..#..##........
##...<.÷......#...#.#####....#
#....÷.............# . ..
#.................... .#
##...##.#.#..... .


You could see Duvessa (fast) and Dowan.

Vanquished Creatures
  3 kobold brigands (Sewer)
  An orc priest (D:4)
  An iguana (D:4)
  Terence (D:2)
  Robin (D:2)
  An adder (D:4)
  A worm (D:2)
  2 dart slugs
  4 orcs
  11 ball pythons
  10 endoplasms
  3 giant cockroaches
  7 goblins
  5 hobgoblins
  6 jackals
  19 kobolds
  2 quokkas
  7 bats
  7 frilled lizards
  4 rats
96 creatures vanquished.

Vanquished Creatures (others)
  3 fungi (Sewer)
  2 plants (Sewer)
5 creatures vanquished.

Grand Total: 101 creatures vanquished

Notes
Turn   | Place    | Note
-------+----------+-------------------------------------------
     0 | D:1      | issech the Minotaur Monk began the quest for the Orb.
     0 | D:1      | Reached XP level 1. HP: 19/19 MP: 0/0
   319 | D:1      | Reached XP level 2. HP: 24/27 MP: 1/1
   580 | D:1      | Reached skill level 4 in Axes
  1005 | D:2      | Reached XP level 3. HP: 33/33 MP: 2/2
  1027 | D:2      | Found a faded altar of an unknown god.
  1170 | D:2      | Noticed Robin
  1187 | D:2      | Killed Robin
  1188 | D:2      | Reached skill level 1 in Armour
  1354 | D:2      | Found Hatemyph's Antique Armour Shoppe.
  1464 | D:2      | Noticed Terence
  1472 | D:2      | Killed Terence
  1473 | D:2      | Reached XP level 4. HP: 34/40 MP: 3/3
  1480 | D:2      | Found a broken altar of Ashenzari.
  1758 | D:3      | Identified the +6 rapier of Elaitzad {flame, Int+4}
  1784 | D:3      | Found a glowing drain.
  1796 | Sewer    | Entered a sewer
  2063 | Sewer    | Noticed a kobold brigand
  2063 | Sewer    | Noticed a kobold brigand
  2068 | Sewer    | Killed a kobold brigand
  2069 | Sewer    | Reached XP level 5. HP: 20/47 MP: 4/4
  2438 | Sewer    | Reached skill level 5 in Axes
  2438 | Sewer    | Reached skill level 1 in Throwing
  2438 | Sewer    | Reached XP level 6. HP: 44/53 MP: 5/5
  2559 | D:3      | Found Peif's Weapon Emporium.
  2736 | D:3      | Identified the +8 mace "Beastbane" {pain, rElec SInv
                  | Stlth+}
  3132 | D:4      | Noticed Duvessa
  3132 | D:4      | Noticed Dowan
  3321 | D:4      | Found a shadowy altar of Dithmenos.
  3446 | D:4      | Slain by Duvessa

Illustrated notes

Levels and vault maps discovered:
D:1:      minmay_arrival_arboretum_small, layout_basic, minivault_4,
          chequers_serial_rivers_micro_c
D:2:      layout_loops_ring, shapermc_ecumenical_altar_mp_ritualfount,
          serial_shops, shop_fountains, basic_altar, uniq_terence, uniq_robin
D:3:      layout_basic, cheibrodos_sewer_entry_drain, serial_shops, shop,
          kennysheep_minor_cross
D:4:      layout_cave_pools, old_standard_altar, chequers_serial_rivers_micro_c,
          hangedman_decor_opposing, uniq_duvessa, uniq_pikel, uniq_blork_the_orc

Skill      XL: |  1  2  3  4  5  6 |
---------------+-------------------+-----
Fighting       | 4 |  4.8
Axes           | 4 5 |  5.0
Armour         | 1 2 3 |  3.9
Short Blades   | 2 3 |  3.1
Throwing       | 1 |  1.0
Maces & Flails | |  0.8
Dodging        | |  3.9
Stealth        | |  1.8

Action                   |  1- 3 |  4- 6 || total
-------------------------+-------+-------++-------
Melee: Hand axe          |    94 |     8 ||   102
       Headbutt          |     9 |    21 ||    30
       Punch             |     1 |     1 ||     2
       Rapier            |       |    74 ||    74
       Mace              |       |    29 ||    29
Throw: Boomerang         |     3 |     1 ||     4
  Use: Scroll            |       |     1 ||     1
Armor: Chain mail        |    75 |    52 ||   127
       Robe              |     1 |       ||     1
Dodge: Dodged            |    49 |    50 ||    99
